 Dungeon Crawl Stone Soup version 0.28.0 (console) character file.

Game seed: 7121218529450800985

1054 ryathie the Destroyer (level 8, 0/61 HPs)
             Began as a Deep Elf Hedge Wizard on Feb 14, 2022.
             Was an Initiate of Vehumet.
             Slain by an orc priest (1 damage)
             ... on level 6 of the Dungeon.
             The game lasted 00:16:31 (6329 turns).

ryathie the Destroyer (Deep Elf Hedge Wizard)       Turns: 6329, Time: 00:16:32

Health: 0/61       AC: 24    Str:  7    XL:     8   Next: 5%
Magic:  14/20      EV:  2    Int: 22    God:    Vehumet [......]
Gold:   224        SH:  0    Dex: 14    Spells: 9/20 levels left

rFire   . . .      SeeInvis .   q - +4 dagger (holy)
rCold   . . .      Faith    .   (no shield)
rNeg    . . .      Spirit   .   (armour currently unavailable)
rPois   +          Reflect  .   (helmet currently unavailable)
rElec   .          Harm     .   (cloak currently unavailable)
rCorr   .          Rampage  .   (gloves currently unavailable)
Will    .....      NoTele   +   (boots currently unavailable)
Stlth   ++........              (no amulet)
HPRegen 0.20/turn               o - ring of poison resistance
MPRegen 0.17/turn               (no ring)

@: lethally poisoned (0 -> -8), tree-form
A: stationary, stasis, torment immunity, boosted hp
a: Renounce Religion


You were on level 6 of the Dungeon.
You worshipped Vehumet.
Vehumet was noncommittal.
You were a tree.
You visited 2 branches of the dungeon, and saw 7 of its levels.

You collected 224 gold pieces.

Inventory:

Hand Weapons
 q - a +4 dagger of holy wrath (weapon)
Missiles
 g - 6 poisoned darts (quivered)
 n - a throwing net
Armour
 b - a +1 robe (melded)
 c - a +0 hat (melded)
 p - a +0 pair of gloves (melded)
Jewellery
 d - a ring of protection from fire
 o - a ring of poison resistance (left branch)
Wands
 m - a wand of acid (9)
Scrolls
 h - 5 scrolls of teleportation
 j - a scroll of blinking
Potions
 i - a potion of brilliance
 k - a potion of might


   Skills:
 - Level 2.5 Dodging
 - Level 2.6 Stealth
 + Level 6.8 Spellcasting
 - Level 8.0 Conjurations
 + Level 2.8 Summonings
 - Level 1.2 Translocations
 - Level 1.0 Fire Magic
 - Level 2.0 Air Magic
 - Level 2.0 Poison Magic


You had 9 spell levels left.
You knew the following spells:

 Your Spells              Type           Power      Damage    Failure   Level
a - Magic Dart            Conj           100%       1d8       1%          1
b - Call Imp              Summ           20%        N/A       3%          2
c - Mephitic Cloud        Conj/Pois/Air  25%        N/A       4%          3
d - Conjure Flame         Conj/Fire      27%        6-21      4%          3
B - Blink                 Tloc           26%        N/A       8%          2

Your spell library contained the following spells:

 Spells                   Type           Power      Damage    Failure   Level
 Animate Skeleton         Necr           14%        N/A       9%          1
 Pain                     Necr           28%        1d5       9%          1
 Slow                     Hex            28%        N/A       9%          1
 Swiftness                Air            16%        N/A       11%         3
 Ensorcelled Hibernation  Hex/Ice        14%        N/A       13%         2
 Passwall                 Tmut/Erth      5%         N/A       13%         2
 Vampiric Draining        Necr           7%         2d6       26%         3


Dungeon Overview and Level Annotations

Branches:
Dungeon (6/15)             Temple (1/1) D:6

Altars:
Ashenzari
Cheibriados
Dithmenos
Elyvilon
Fedhas
Hepliaklqana
Kikubaaqudgha
Nemelex Xobeh
Okawaru
Ru
Sif Muna
Uskayaw
Vehumet
Wu Jian
Yredelemnul
Zin


Message History

The floor.
Unknown command.
As you read the scroll labelled GIRCHA ESARE, it crumbles to dust.
You cannot blink because you are held in place by your roots.
It was a scroll of blinking.
The orc wizard hits you but does no damage.
The orc priest calls down the wrath of Beogh upon you.
Beogh smites you!
* * * LOW HITPOINT WARNING * * *
It was a potion of curing.
You feel better.
The orc wizard hits you but does no damage.
The orc priest hits you but does no damage.
It was a potion of cancellation.
Your magical effects are unravelling.
You feel magically purged.
You feel less wooden.
Your +0 hat unmelds from your body.
Your +0 pair of gloves unmelds from your body.
Your +1 robe unmelds from your body.
The orc wizard completely misses you. The orc priest completely misses you.
You feel less attractive to monsters.
Really quaff the potion of lignification?
You turn into a tree.
Your +0 hat melds into your body.
Your +0 pair of gloves melds into your body.
Your +1 robe melds into your body.
Your roots penetrate the ground.
The orc wizard hits you but does no damage.
The orc priest mumbles some strange prayers to Beogh against you.
Beogh smites you!
* * * LOW HITPOINT WARNING * * *
You hit the orc priest but do no damage.
The orc priest is lightly wounded.
The orc wizard hits you but does no damage.
You are lethally poisoned!
The orc priest hits you but does no damage.
You hit the orc priest but do no damage.
The orc priest is lightly wounded.
* * * LOW HITPOINT WARNING * * *
You feel very sick.
The orc wizard points at you and mumbles some strange words.
You easily resist.
The orc priest hits you with a +0 mace.
You die...

#.# ##≈## #.# #.≈≈##
#####≈############ #≈.≈≈#
#≈≈≈≈≈≈≈.........# ###≈.#≈##
≈≈≈≈≈≈≈...######.# #≈≈≈##≈≈#
≈≈≈≈≈≈≈≈≈.# #.# ####.##≈#
≈≈≈≈≈.≈≈..# #.# ######.≈##≈###
####≈≈≈≈..######o# #.....≈≈......
##.≈≈≈≈.......o♣# #.###≈≈##.##..
...≈≈≈≈≈.##########.###≈.#.#..≈#
##..≈≈≈....................###≈≈≈
#..≈≈≈≈.####.##.#########.# ####
#.≈≈≈≈≈≈## #.##.# #.# #
#..≈≈.≈..###.##.#########.######
#..≈≈≈..........................
#..≈≈≈≈≈####.##.################
#..≈≈≈≈.# #.##.#


You could see an orc priest and an orc wizard.

Vanquished Creatures
  2 black bears (D:6)
  A bullfrog (D:6)
  A water moccasin zombie (D:5)
  A centaur zombie (D:5)
  A hound (D:3)
  A jelly (D:5)
  A centaur skeleton (D:5)
  An orc priest (D:5)
  A bullfrog skeleton (D:5)
  An iguana (D:5)
  3 orc wizards
  4 gnolls (D:4)
  7 adders
  An ufetubus (D:6)
  A worm (D:4)
  4 dart slugs
  9 orcs
  7 ball pythons
  7 endoplasms
  4 giant cockroaches
  6 goblins
  11 hobgoblins
  3 jackals (D:4)
  A quokka (D:4)
  6 bats
  A frilled lizard (D:3)
  4 kobolds
  8 rats
98 creatures vanquished.

Vanquished Creatures (collateral kills)
  An ice beast (D:5)
  A necrophage (D:5)
  An iguana (D:5)
  An adder (D:2)
  3 gnolls (D:4)
  4 worms
  A dart slug (D:2)
  An orc (D:6)
  2 jackals (D:2)
  A ball python (D:2)
  A bat (D:2)
17 creatures vanquished.

Vanquished Creatures (others)
  A plant (D:1)
1 creature vanquished.

Grand Total: 116 creatures vanquished

Notes
Turn   | Place    | Note
-------+----------+-------------------------------------------
     0 | D:1      | ryathie the Deep Elf Hedge Wizard began the quest for the
                  | Orb.
     0 | D:1      | Reached XP level 1. HP: 10/10 MP: 7/7
   490 | D:1      | Reached XP level 2. HP: 15/15 MP: 0/9
   739 | D:1      | Found a faded altar of an unknown god.
   961 | D:1      | Learned a level 2 spell: Call Imp
   976 | D:1      | Reached skill level 2 in Conjurations
  1044 | D:1      | Reached skill level 5 in Spellcasting
  1211 | D:2      | Reached XP level 3. HP: 19/19 MP: 8/11
  1215 | D:2      | Learned a level 2 spell: Blink
  1219 | D:2      | Learned a level 3 spell: Conjure Flame
  1236 | D:2      | Learned a level 3 spell: Mephitic Cloud
  1729 | D:2      | Reached XP level 4. HP: 24/24 MP: 7/13
  1978 | D:2      | Reached skill level 3 in Conjurations
  2028 | D:2      | Identified the +2 shortbow of Faiguip {speed, rElec rPois
                  | rF- rC+++}
  2455 | D:3      | Reached XP level 5. HP: 28/28 MP: 9/15
  2599 | D:3      | Found a broken altar of Ashenzari.
  2641 | D:3      | Reached skill level 1 in Poison Magic
  2742 | D:3      | Reached skill level 1 in Air Magic
  3668 | D:4      | Reached skill level 4 in Conjurations
  3808 | D:4      | Reached XP level 6. HP: 32/32 MP: 9/17
  3957 | D:4      | Found a blossoming altar of Fedhas.
  4083 | D:5      | Entered Level 5 of the Dungeon
  4171 | D:5      | Reached skill level 5 in Conjurations
  4171 | D:5      | Reached skill level 1 in Fire Magic
  4291 | D:5      | Noticed an ice beast
  4753 | D:5      | Reached skill level 6 in Conjurations
  4763 | D:5      | Killed an ice beast
  4764 | D:5      | Reached XP level 7. HP: 36/36 MP: 10/18
  5146 | D:5      | Reached skill level 7 in Conjurations
  5567 | D:6      | Found a staircase to the Ecumenical Temple.
  5937 | D:6      | Reached skill level 8 in Conjurations
  6022 | Temple   | Entered the Ecumenical Temple
  6062 | Temple   | Became a worshipper of Vehumet
  6240 | D:6      | Reached XP level 8. HP: 27/41 MP: 13/20
  6244 | D:6      | Identified the +2 plate armour of Youthful Indiscretion
                  | {*Slow rPois rCorr}
  6324 | D:6      | HP: 3/61 [orc priest/divine providence (15)]
  6329 | D:6      | HP: 1/61 [poisoned by an orc wizard]
  6329 | D:6      | Slain by an orc priest

Illustrated notes

Levels and vault maps discovered:
D:1:      minmay_arrival_glassed_features, layout_rooms,
          shapermc_ecumenical_altar_mp_ritualfount
D:2:      layout_rooms, serial_curves, eino_curves_01, eino_curves_02,
          kennysheep_doodads
D:3:      layout_basic, cheibrodos_ashenzari_chains, chequers_jeans
D:4:      layout_basic, mainiacjoe_overflow_paths
D:5:      layout_cave_pods, minmay_misc_feat_tiny
D:6:      layout_loops_ring, minmay_temple_entry_offerings, serial_rivers,
          chequers_serial_rivers_large_a, chequers_serial_rivers_marsh,
          chequers_serial_rivers_marsh, chequers_serial_rivers_small_b,
          chequers_serial_rivers_room_b, chequers_serial_rivers_micro_d
Temple:   compressed_dpeg_circular_temple

Skill      XL: |  1  2  3  4  5  6  7 |
---------------+----------------------+-----
Conjurations   | 2 3 4 6 8 |  8.0
Spellcasting   | 5 6 |  6.8
Poison Magic   | 2 |  2.0
Air Magic      | 2 |  2.0
Fire Magic     | 1 |  1.0
Summonings     | 2 |  2.8
Dodging        | |  2.5
Stealth        | |  2.6
Translocations | |  1.2

Action                   |  1- 3 |  4- 6 |  7- 9 || total
-------------------------+-------+-------+-------++-------
Melee: Dagger            |    15 |    41 |    62 ||   118
       Punch             |       |     1 |     3 ||     4
Throw: Dart              |     3 |       |     1 ||     4
 Cast: Magic Dart        |    97 |   122 |    45 ||   264
       Call Imp          |     3 |    27 |     4 ||    34
       Mephitic Cloud    |       |     2 |    16 ||    18
       Conjure Flame     |       |     4 |     2 ||     6
  Use: Scroll            |       |     8 |     2 ||    10
       Potion            |       |       |     5 ||     5
 Stab: Confused          |       |       |     7 ||     7
Armor: Robe              |    10 |    17 |     8 ||    35
       Skin              |       |       |     9 ||     9
Dodge: Dodged            |    19 |    49 |    47 ||   115
